 Dungeon Crawl Stone Soup version 0.27-a0-1500-g450c7e4133 (webtiles) character file.

Game seed: 4425920622842996856

4137 raph the Spear-Bearer (level 10, -3/80 HPs)
             Began as a Minotaur Gladiator on July 8, 2021.
             Was a High Priest of Fedhas.
             Slain by a two-headed ogre (10 damage)
             ... on level 8 of the Dungeon.
             The game lasted 00:14:10 (9188 turns).

raph the Spear-Bearer (Minotaur Gladiator)          Turns: 9188, Time: 00:14:10

Health: -3/80      AC:  1    Str: 19    XL:     10   Next: 7%
Magic:  11/11      EV: 13    Int: 11    God:    Fedhas [*****.]
Gold:   509        SH:  0    Dex: 15    Spells: 7/9 levels left

rFire    . . .     SeeInvis .   a - +1 halberd
rCold    . . .     Faith    +   (shield currently unavailable)
rNeg     . . .     Spirit   .   e - +0 ring mail
rPois    .         Reflect  .   c - +0 hat
rElec    .         Harm     .   M - +0 cloak
rCorr    .         Rampage  .   x - +0 pair of gloves
Will     .....                  N - +0 pair of boots
Stlth    +.........             C - amulet of faith
HPRegen  0.23/turn              g - +6 ring of intelligence
MPRegen  0.12/turn              w - +4 ring of protection

@: corroded
A: horns 2, retaliatory headbutt
a: Renounce Religion, Wall of Briars, Grow Ballistomycete, Overgrow, Grow Oklob


You were on level 8 of the Dungeon.
You worshipped Fedhas.
Fedhas was extremely pleased with you.
You visited 1 branch of the dungeon, and saw 8 of its levels.
You also visited: Ossuary.

You collected 509 gold pieces.

Inventory:

Hand Weapons
 a - a +1 halberd (weapon)
 b - a +0 shortbow
 v - the +5 spear of Leath {protect, Int+3}
   (You found it on level 4 of the Dungeon)

   It grants its wielder temporary protection when it strikes (+7 to AC).
   Int:       It affects your intelligence (+3).
 G - a +1 trident
Missiles
 d - 4 throwing nets (quivered)
 B - 63 arrows
 J - 2 atropa-tipped darts
Armour
 c - a +0 hat (worn)
 e - a +0 ring mail (worn)
 x - a +0 pair of gloves (worn)
 z - a +0 leather armour
 M - a +0 cloak (worn)
 N - a +0 pair of boots (worn)
Jewellery
 g - a +6 ring of intelligence (left hand)
 k - a ring of fire
 w - a +4 ring of protection (right hand)
 y - a +4 ring of evasion
 C - an amulet of faith (around neck)
 H - a ring of poison resistance
 L - an amulet of the acrobat
Wands
 D - a wand of flame (35)
 I - a wand of digging (8)
Scrolls
 f - 2 scrolls of magic mapping
 p - a scroll of amnesia
 u - 2 scrolls of fear
 K - a scroll of blinking
Potions
 h - 5 potions of curing
 i - a potion of mutation
 j - a potion of lignification
 m - 3 potions of haste
 n - 2 potions of ambrosia
 o - a potion of might
 q - a potion of attraction {unknown}
 r - a potion of resistance
 s - a potion of berserk rage {unknown}
 t - 2 potions of cancellation
 A - a potion of flight
 E - 2 potions of heal wounds {unknown}
 F - a potion of brilliance


   Skills:
 + Level 4.8 Fighting
 + Level 14.3 Polearms
 + Level 3.7 Bows
 - Level 2.0 Throwing
 + Level 4.0 Armour
 + Level 5.0 Dodging
 + Level 3.2 Invocations


You had 7 spell levels left.
You knew the following spells:

 Your Spells              Type           Power      Damage    Failure   Level
a - Blink                 Tloc           N/A        N/A       65%         2

Your spell library contained the following spells:

 Spells                   Type           Power      Damage    Failure   Level
 Animate Skeleton         Necr           0%         N/A       52%         1
 Apportation              Tloc           0%         N/A       52%         1
 Corona                   Hex            0%         N/A       52%         1
 Freeze                   Ice            0%         1d3       52%         1
 Summon Small Mammal      Summ           0%         N/A       52%         1
 Sublimation of Blood     Necr           0%         N/A       65%         2
 Wereblood                Tmut           0%         N/A       65%         2
 Frozen Ramparts          Ice            0%         1d2       87%         3
 Ignite Poison            Fire/Tmut/Pois 0%         N/A       87%         3
 Lesser Beckoning         Tloc           0%         N/A       87%         3
 Mephitic Cloud           Conj/Pois/Air  0%         N/A       87%         3
 Hailstorm                Conj/Ice       0%         3d3       99%         4
 Olgreb's Toxic Radiance  Pois           0%         N/A       99%         4
 Bolt of Magma            Conj/Fire/Erth 0%         4d4       100%        5
 Manifold Assault         Tloc           0%         N/A       100%        5
 Ozocubu's Refrigeration  Ice            0%         4d5       100%        7
 Summon Hydra             Summ           0%         N/A       100%        7
 Ignition                 Fire           0%         3d3       100%        8


Dungeon Overview and Level Annotations

Branches:
Dungeon (8/15)             Temple (0/1) D:5         Ossuary (visited)
   Lair: D:8-11

Altars:
Fedhas
Gozag
Hepliaklqana
Kikubaaqudgha
Qazlal
Yredelemnul

Shops:
D:1 (


Innate Abilities, Weirdness & Mutations

You have a pair of horns on your head.
You reflexively headbutt those who attack you in melee.


Message History

The slime creature hits you but does no damage.
Found a rapier.
The slime creature hits you but does no damage.
The slime creature jiggles.
You slash the slime creature!
The slime creature is lightly wounded.
The slime creature closely misses you. You furiously retaliate!
You headbutt the slime creature, but do no damage.
You slash the slime creature!
The slime creature is moderately wounded.
The slime creature misses you.
You hit the slime creature but do no damage.
You headbutt the slime creature, but do no damage.
The slime creature is moderately wounded.
The slime creature hits you!
Your ring mail prevents you from hitting the slime creature.
The slime creature is moderately wounded.
The slime creature hits you.
You hit the slime creature.
The slime creature is moderately wounded.
You hit the slime creature.
The slime creature is moderately wounded.
The slime creature hits you.
You hit the slime creature. You headbutt the slime creature.
The slime creature is heavily wounded.
The slime creature hits you!
You hit the slime creature but do no damage.
You headbutt the slime creature, but do no damage.
The slime creature is heavily wounded.
The slime creature hits you!!
* * * LOW HITPOINT WARNING * * *
You hit the slime creature but do no damage.
You headbutt the slime creature, but do no damage.
The slime creature is heavily wounded.
A two-headed ogre comes into view. It is wielding two +0 giant clubs.
The two-headed ogre shouts in stereo!
A wyvern comes into view.
The two-headed ogre hits you with a +0 giant club!
You die...
Fedhas appreciates your contribution to the ecosystem.

######## #..)...#
#......###
#.........
#......###
#.......##
#########.......##
#.J.o..o.........#
#@################
#O# ####.... #.#
#......# #.#
#.....o# #l#
......... #..
####.#### ..# #.
... #


You could see a slime creature, a two-headed ogre, a wyvern, an orc wizard and
an orc.

Vanquished Creatures
  6 yaks (D:6)
  A wyvern (D:8)
  A steam dragon (D:7)
  3 water moccasins
  3 orc warriors
  3 ice beasts
  A necrophage (D:7)
  An ogre (D:4)
  2 centaurs
  2 phantoms
  2 bullfrogs
  A scorpion (D:7)
  6 water moccasin zombies (Ossuary)
  A water moccasin skeleton (D:5)
  4 wights (D:7)
  2 centaur zombies
  2 jellies
  A bullfrog zombie (D:6)
  2 hounds
  4 orc priests
  A bullfrog skeleton (D:5)
  2 centaur skeletons
  Jessica (D:3)
  An iguana (D:7)
  5 orc wizards
  2 mummies (Ossuary)
  10 adders
  6 gnolls
  A howler monkey skeleton (D:6)
  2 white imps (D:6)
  2 adder zombies (Ossuary)
  3 worms
  30 orcs
  5 endoplasms
  A giant cockroach (D:3)
  5 gnoll zombies (Ossuary)
  4 hobgoblins
  2 jackals (D:5)
  3 kobolds (D:4)
  6 quokkas
  4 ball pythons
  3 bats (D:1)
  6 goblins
  4 hobgoblin zombies (Ossuary)
  3 kobold zombies (Ossuary)
  4 orc zombies (Ossuary)
  A rat (D:1)
165 creatures vanquished.

Vanquished Creatures (others)
  2 orcs (D:7)
2 creatures vanquished.

Grand Total: 167 creatures vanquished

Notes
Turn   | Place    | Note
-------+----------+-------------------------------------------
     0 | D:1      | raph the Minotaur Gladiator began the quest for the Orb.
     0 | D:1      | Reached XP level 1. HP: 18/18 MP: 0/0
    51 | D:1      | Found Jytugap's Antique Weapon Shoppe.
   196 | D:1      | Reached skill level 4 in Polearms
   257 | D:1      | Reached XP level 2. HP: 21/25 MP: 1/1
   337 | D:1      | Found a faded altar of an unknown god.
   342 | D:1      | Became a worshipper of Fedhas Madash
   342 | D:1      | Reached * piety under Fedhas
   617 | D:2      | Found a basalt altar of Yredelemnul.
   662 | D:2      | Reached skill level 5 in Polearms
  1006 | D:3      | Reached XP level 3. HP: 30/30 MP: 2/2
  1224 | D:3      | Found a stormy altar of Qazlal.
  1365 | D:3      | Found an ancient bone altar of Kikubaaqudgha.
  1441 | D:3      | Noticed Jessica
  1446 | D:3      | Killed Jessica
  1447 | D:3      | Reached skill level 6 in Polearms
  1447 | D:3      | Reached XP level 4. HP: 37/37 MP: 3/3
  1873 | D:4      | Found a sand-covered staircase.
  1878 | Ossuary  | Entered an ossuary
  1910 | Ossuary  | Reached ** piety under Fedhas
  1911 | Ossuary  | Reached skill level 7 in Polearms
  1911 | Ossuary  | Reached XP level 5. HP: 31/42 MP: 4/4
  2015 | Ossuary  | Reached skill level 8 in Polearms
  2015 | Ossuary  | Reached XP level 6. HP: 24/50 MP: 5/5
  2379 | Ossuary  | Reached skill level 9 in Polearms
  2659 | D:4      | Reached XP level 7. HP: 51/56 MP: 6/6
  3006 | D:4      | Reached skill level 10 in Polearms
  3047 | D:4      | Identified the +5 spear of Leath {protect, Int+3}
  3729 | D:5      | Entered Level 5 of the Dungeon
  4013 | D:5      | Reached *** piety under Fedhas
  4309 | D:5      | Reached skill level 11 in Polearms
  4542 | D:5      | Reached XP level 8. HP: 57/62 MP: 7/7
  4903 | D:5      | You fall into a shaft and drop 1 floor!
  5101 | D:5      | Reached skill level 12 in Polearms
  5203 | D:5      | Found a staircase to the Ecumenical Temple.
  5502 | D:6      | Reached skill level 13 in Polearms
  5790 | D:6      | Identified the +6 short sword of the Whelk {speed, rF+}
  5965 | D:6      | Found a hazy altar of Hepliaklqana.
  5998 | D:6      | Reached **** piety under Fedhas
  5999 | D:6      | Reached XP level 9. HP: 50/68 MP: 8/8
  6011 | D:6      | Reached skill level 14 in Polearms
  6015 | D:6      | Reached skill level 1 in Bows
  6015 | D:6      | Reached skill level 1 in Armour
  6015 | D:6      | Reached skill level 1 in Invocations
  6327 | D:6      | Learned a level 2 spell: Blink
  6463 | D:7      | Found an opulent altar of Gozag.
  8385 | D:7      | Reached ***** piety under Fedhas
  8918 | D:8      | Reached XP level 10. HP: 63/78 MP: 11/11
  9116 | D:8      | Noticed a cyan ugly thing
  9117 | D:8      | Noticed a cyclops
  9117 | D:8      | Noticed a centaur warrior
  9152 | D:8      | Reached skill level 5 in Dodging
  9187 | D:8      | Noticed a two-headed ogre
  9188 | D:8      | Slain by a two-headed ogre

Illustrated notes

Levels and vault maps discovered:
D:1:      dpeg_arrival_line_fractal, layout_basic, serial_shops,
          nicolae_lakefront_shop, shapermc_ecumenical_altar_venn
D:2:      layout_rooms, basic_altar
D:3:      layout_basic, kiku_gazebo_pond_becter, general_overflow_altar,
          kennysheep_generic_room_14, uniq_jessica
D:4:      layout_cave_pods, lightli_ossuary_entry_decrepit_ruins
D:5:      layout_loops_ring, minmay_temple_entry_proselytizer
D:6:      layout_rooms, nzn_hepliaklqana_mist_gate, st_stairs_13
D:7:      layout_loops_ring, grunt_gozag_breadcrumbs,
          minmay_misc_feat_more_columns, minmay_misc_feat_hallway
D:8:      layout_basic, gammafunk_ghost_smash, minmay_the_grid_2x2
          [minmay_the_grid_diamond_grid, minmay_the_grid_rooms,
          minmay_the_grid_stretched_grid, minmay_the_grid_prize_big_room],
          uniq_maurice

Skill      XL: |  1  2  3  4  5  6  7  8  9 10 |
---------------+-------------------------------+-----
Polearms       | 4 5 6 7 8 9 11 13 14 | 14.3
Bows           | 3 |  3.7
Armour         | 3 4 |  4.0
Invocations    | 3 |  3.2
Fighting       | 4 |  4.8
Dodging        | 4 5 |  5.0
Throwing       | |  2.0

Action                   |  1- 3 |  4- 6 |  7- 9 | 10-12 || total
-------------------------+-------+-------+-------+-------++-------
Melee: Trident           |    90 |   122 |    26 |       ||   238
       Headbutt          |     8 |    21 |    52 |    10 ||    91
       Spear             |       |       |   104 |       ||   104
       Halberd           |       |       |   237 |    31 ||   268
 Fire: Shortbow          |       |       |    17 |       ||    17
Invok: Wall of Briars    |       |       |     1 |       ||     1
Evoke: Wand              |       |       |     2 |       ||     2
  Use: Scroll            |     6 |     6 |    10 |       ||    22
 Stab: Distracted        |       |     1 |       |       ||     1
Armor: Ring mail         |    25 |    21 |    89 |     5 ||   140
Dodge: Dodged            |    46 |    44 |   131 |    15 ||   236

Table legend: (Time is in decaauts)
 A = Elapsed time spent in this place.
 B = Non-inter-level travel time spent in this place.
 C = Inter-level travel time spent in this place.
 D = Time resting spent in this place.
 E = Time spent auto-exploring this place.
 F = Levels seen in this place.
 G = Mean time per level.
                   A        B        C        D        E       F      G
               +--------+--------+--------+--------+--------+-----+--------+
         Total |   9091 |   8830 |    261 |   3481 |   3935 |   9 | 1010.1 |
       Dungeon |   8397 |   8136 |    261 |   2977 |   3914 |   8 | 1049.6 |
       Ossuary |    694 |    694 |      0 |    504 |     21 |   1 |  694.0 |
               +--------+--------+--------+--------+--------+-----+--------+

Top non-repeatable levels by time:
     D:7: 2223 daAuts
     D:5: 1589 daAuts
     D:4: 1377 daAuts
     D:6: 1112 daAuts
     D:3: 774 daAuts
 Ossuary: 694 daAuts
     D:1: 575 daAuts
     D:2: 443 daAuts
     D:8: 301 daAuts
